 Dungeon Crawl Stone Soup version 0.20.1-1-g8b1a95d (webtiles) character file.

48154 ErikD the Basher (level 14, -1/130 HPs)
             Began as a Minotaur Berserker on Oct 1, 2017.
             Was an Elder of Trog.
             Slain by an anaconda (4 damage)
             ... on level 1 of the Snake Pit on Oct 3, 2017.
             The game lasted 02:04:58 (21693 turns).

ErikD the Basher (Minotaur Berserker)              Turns: 21693, Time: 02:04:58

Health: -1/130     AC: 22    Str: 22    XL:     14   Next: 11%
Magic:  14/14      EV:  9    Int:  4    God:    Trog [****..]
Gold:   1471       SH:  6    Dex: 20    Spells: 13/13 levels left

rFire    . . .     SeeInvis .   J - +3 halberd "Ose Peqi" {chop, rC+ Dex+3}
rCold    + . .     Gourm    .   (shield currently unavailable)
rNeg     . . .     Faith    .   i - +0 plate armour
rPois    +         Spirit   .   (helmet restricted)
rElec    .         Reflect  +   S - +2 cloak {+Inv}
rCorr    .         Harm     .   (no gloves)
MR       +....                  C - +2 pair of boots
Stlth    ..........             A - +6 amulet of reflection
Regen    0.4/turn               G - ring of poison resistance
MPRegen  0.2/turn               l - +2 ring of dexterity

@: constricted
A: retaliatory headbutt, hooves 1, horns 2, deterioration 1, sense surroundings
1
a: Berserk, Trog's Hand, Brothers in Arms, Burn Spellbooks, Renounce Religion,
Evoke Invisibility


You were on level 1 of the Snake Pit.
You worshipped Trog.
Trog was greatly pleased with you.
You were not hungry.

You visited 6 branches of the dungeon, and saw 20 of its levels.
You also visited: Ice Cave.

You collected 1471 gold pieces.

Inventory:

Hand Weapons
 k - a +2 antimagic glaive
 y - a +0 flail of holy wrath
 J - the +3 halberd "Ose Peqi" (weapon) {chop, rC+ Dex+3}
   (You found it on level 8 of the Dungeon)

   It inflicts extra damage upon your enemies.
   It affects your dexterity (+3).
   It protects you from cold.
 M - a +3 antimagic demon whip
 V - a +7 arbalest of flaming
Missiles
 o - 444 stones
 q - 8 tomahawks (quivered)
Armour
 i - a +0 plate armour (worn)
 j - a +0 shield
 C - a +2 pair of boots (worn)
 S - a +2 cloak of invisibility (worn)
Jewellery
 d - an uncursed ring of protection from cold
 h - an uncursed ring of magical power
 l - a +2 ring of dexterity (right hand)
 m - an uncursed ring of fire
 x - an uncursed ring of stealth
 A - a +6 amulet of reflection (around neck)
 B - a +3 ring of strength
 D - the amulet of Imumin {+Rage Dex+5}
   (You found it on level 8 of the Dungeon)

   [amulet of rage]

   It affects your dexterity (+5).
   It lets you go berserk.
 G - a ring of poison resistance (left hand)
 W - an uncursed amulet of guardian spirit
 Y - an uncursed ring of ice
Wands
 a - a wand of digging (15/24)
 b - a wand of confusion (24/48)
 r - a wand of confusion (34/48)
 N - a wand of clouds (3/9)
 O - a wand of lightning (4/15)
 P - a wand of disintegration (7/24)
 T - a wand of lightning (3/15)
 X - a wand of confusion (24/48)
Scrolls
 e - 2 scrolls of fear
 t - 5 scrolls of remove curse
 F - 4 scrolls of teleportation
 K - 2 scrolls of fog
 Q - a scroll of summoning {unknown}
Potions
 n - 2 potions of berserk rage
 u - 6 potions of curing
 v - 3 potions of flight {unknown}
 w - 3 potions of agility {unknown}
 z - 5 potions of brilliance
 E - 2 potions of degeneration {unknown}
 H - 4 potions of haste {unknown}
 I - 2 potions of resistance {unknown}
 R - 3 potions of heal wounds
 U - 3 potions of cancellation {unknown}
 Z - 2 potions of might
Miscellaneous
 p - a lamp of fire
Comestibles
 c - 7 bread rations
 f - 11 royal jellies
 g - 5 meat rations
 s - 8 fruits


   Skills:
 * Level 13.7 Fighting
 - Level 14.5 Maces & Flails
 * Level 13.5 Polearms
 + Level 2.6 Throwing
 + Level 12.6 Armour
 * Level 7.4 Dodging
 + Level 2.2 Stealth
 - Level 6.9 Shields
 + Level 1.4 Evocations


You had 13 spell levels left.
You didn't know any spells.

Dungeon Overview and Level Annotations

Branches:
Dungeon (10/15)            Temple (1/1) D:7            Lair (6/6) D:8
 Shoals (1/4) Lair:3        Snake (1/4) Lair:3        Slime (1/5) Lair:5
    Orc: D:9-12

Altars:
Ashenzari
Cheibriados
Dithmenos
Elyvilon
Fedhas
Gozag
Hepliaklqana
Kikubaaqudgha
Makhleb
Nemelex Xobeh
Okawaru
Qazlal
Ru
Sif Muna
Trog
Uskayaw
Vehumet
Xom
Yredelemnul
Zin
The Shining One
Jiyva

Shops:
D:6 [

Annotations:
Lair:2 exclusion: oklob plant
Lair:4 exclusion: oklob plant


Innate Abilities, Weirdness & Mutations

You reflexively headbutt those who attack you in melee.
You have a pair of horns on your head.
You have large cloven feet.
Your body sometimes deteriorates upon taking damage.
You passively map a small area around you.


Message History

The black mamba bites you but does no damage.
You block the salamander's attack.
The anaconda bites you but does no damage.
The black mamba bites you but does no damage.
The anaconda barely misses you. The anaconda constricts you.
The anaconda's grasp on you weakens, but your attempt to escape fails.
The black mamba bites you but does no damage.
The anaconda bites you.
* * * LOW HITPOINT WARNING * * *
The black mamba closely misses you. The anaconda bites you!
* * * LOW HITPOINT WARNING * * *
The anaconda constricts you.
The salamander hits you from afar with a spear.
* * * LOW HITPOINT WARNING * * *
You are engulfed in flames!
* * * LOW HITPOINT WARNING * * *
The black mamba bites you!
* * * LOW HITPOINT WARNING * * *
The anaconda bites you.
You die...

, , ###.......### #.. , ,
, ...#####.# #.#* , *
..#####.# #.# * ###
........#######.#####. *
.......##................
##..##.###.#######.#####.
, , ##....#.#N)N## #...#
.......)SSS..###.....#
##.##....@S......#..## *,
* , , #...............#*
, ,*#................
#.......#........ , ,
,,*####.####...... * *
..# ...... #### ##$#, * ,
,


You could see a salamander, 2 anacondas, 2 black mambas and a naga.

Vanquished Creatures
  A dire elephant (Lair:6)
  4 hydras
  A fire dragon (Lair:6)
  3 two-headed ogres
  A queen ant (Lair:3)
  4 death yaks
  A swamp dragon (Lair:6)
  Pikel (D:9)
  2 lindwurms (Lair:6)
  Maurice (D:9)
  6 black mambas
  5 elephants (Lair:6)
  A torpor snail (Lair:4)
  Psyche (D:8)
  A naga mage (Lair:3)
  15 spiny frogs
  9 rime drakes
  8 komodo dragons
  3 polar bears
  A queen bee (D:8)
  19 blink frogs
  11 dream sheep
  4 hippogriffs
  4 wyverns
  A spriggan (Lair:5)
  23 yaks
  4 basilisks
  A hungry ghost (D:8)
  5 nagas
  6 soldier ants (Lair:3)
  2 acid dragons (Lair:6)
  8 porcupines
  2 swamp drakes (Lair:6)
  14 water moccasins
  3 orc warriors
  12 ice beasts
  3 sky beasts
  A phantom (D:8)
  4 ogres
  13 wolves
  A necrophage (D:9)
  2 black bears (D:8)
  2 centaurs
  7 crocodiles
  2 big kobolds
  16 bullfrogs
  2 scorpions
  21 killer bees
  2 electric eels (Lair:2)
  2 howler monkeys
  4 crimson imps
  A quasit (D:9)
  3 jellies
  An orc priest (D:5)
  4 hounds
  8 orc wizards
  A bullfrog skeleton (D:8)
  5 iguanas
  28 worker ants
  2 worker ant zombies
  4 gnolls (D:6)
  14 adders
  2 shadow imps
  2 oozes
  7 worms
  4 dart slugs
  3 leopard geckos
  26 orcs
  A ball python (D:2)
  3 giant cockroaches
  7 goblins
  7 hobgoblins
  12 jackals
  3 quokkas
  7 bats
  4 frilled lizards
  A jackal zombie (D:6)
  12 kobolds
  4 rats
446 creatures vanquished.

Vanquished Creatures (others)
  4 slaves (D:9)
  A necrophage (D:9)
  A bullfrog (D:9)
  A killer bee (D:9)
  An adder (D:9)
  4 fungi (Lair:6)
  8 plants
20 creatures vanquished.

Grand Total: 466 creatures vanquished

Notes
Turn   | Place    | Note
-------+----------+-------------------------------------------
     0 | D:1      | ErikD the Minotaur Berserker began the quest for the Orb.
     0 | D:1      | Reached XP level 1. HP: 19/19 MP: 0/0
   243 | D:1      | Reached skill level 4 in Maces & Flails
   249 | D:1      | Reached XP level 2. HP: 27/27 MP: 1/1
   895 | D:2      | Reached XP level 3. HP: 30/33 MP: 2/2
   956 | D:2      | Reached ** piety under Trog
  1303 | D:2      | Found a sparkling altar of Nemelex Xobeh.
  2058 | D:3      | Reached XP level 4. HP: 41/41 MP: 3/3
  2151 | D:3      | Reached skill level 5 in Maces & Flails
  2151 | D:3      | Reached XP level 5. HP: 47/47 MP: 4/4
  2339 | D:3      | Reached skill level 1 in Stealth
  2911 | D:4      | Reached *** piety under Trog
  3038 | D:4      | Reached XP level 6. HP: 47/55 MP: 5/5
  3055 | D:4      | Reached skill level 6 in Maces & Flails
  3475 | D:4      | Reached skill level 5 in Fighting
  3962 | D:5      | Entered Level 5 of the Dungeon
  4082 | D:5      | Reached skill level 7 in Maces & Flails
  4082 | D:5      | Reached XP level 7. HP: 61/61 MP: 6/6
  4635 | D:5      | Reached skill level 5 in Armour
  4873 | D:5      | Reached skill level 8 in Maces & Flails
  5493 | D:6      | Found an opulent altar of Gozag.
  5494 | D:6      | Found an iron altar of Okawaru.
  5495 | D:6      | Found a shimmering altar of Xom.
  5495 | D:6      | Found a white marble altar of Elyvilon.
  5505 | D:6      | Reached XP level 8. HP: 69/69 MP: 7/7
  5854 | D:6      | Found Derrae's Armour Emporium.
  5862 | D:6      | Reached **** piety under Trog
  5862 | D:6      | Reached skill level 9 in Maces & Flails
  6059 | D:6      | Found a hide-covered altar of Uskayaw.
  6377 | D:7      | Reached skill level 10 in Maces & Flails
  6778 | D:7      | Reached XP level 9. HP: 78/78 MP: 8/8
  6786 | D:7      | Found a staircase to the Ecumenical Temple.
  6795 | Temple   | Entered the Ecumenical Temple
  7024 | D:7      | Reached skill level 1 in Shields
  7354 | D:8      | Noticed Psyche
  7393 | D:8      | Noticed a two-headed ogre
  7403 | D:8      | Killed a two-headed ogre
  7403 | D:8      | Reached skill level 11 in Maces & Flails
  7483 | D:8      | Got an ivory halberd
  7493 | D:8      | Identified the +3 halberd "Ose Peqi" {chop, rC+ Dex+3} (You found it on level 8 of the Dungeon)
  7504 | D:8      | Reached skill level 1 in Polearms
  7504 | D:8      | Reached skill level 1 in Throwing
  7572 | D:8      | Killed Psyche
  7599 | D:8      | Found a staircase to the Lair.
  7680 | D:8      | Reached XP level 10. HP: 74/88 MP: 9/9
  7694 | D:8      | Reached skill level 5 in Polearms
  7758 | D:8      | Reached ***** piety under Trog
  7808 | D:8      | Noticed a two-headed ogre
  7826 | D:8      | Killed a two-headed ogre
  8166 | D:8      | Got a translucent garnet amulet
  8969 | D:8      | Reached skill level 5 in Shields
  9263 | Lair:1   | Entered Level 1 of the Lair of Beasts
  9263 | Lair:1   | Noticed a spiny frog
  9280 | D:8      | Killed a spiny frog
  9630 | D:9      | Noticed Pikel
  9638 | D:9      | Killed Pikel
  9793 | D:9      | Noticed Maurice
  9848 | D:9      | Killed Maurice
  9848 | D:9      | Reached XP level 11. HP: 44/95 MP: 10/10
 10484 | D:9      | Found a glowing golden altar of the Shining One.
 10494 | D:9      | Found a snail-covered altar of Cheibriados.
 10570 | D:9      | Received a gift from Trog
 11061 | D:9      | Noticed a two-headed ogre
 11070 | D:9      | Killed a two-headed ogre
 11070 | D:9      | Reached skill level 10 in Polearms
 11405 | D:10     | Entered Level 10 of the Dungeon
 12534 | Lair:2   | Found a labyrinth entrance.
 13148 | Lair:2   | Noticed a four-headed hydra
 13157 | Lair:2   | Killed an eight-headed hydra
 13196 | Lair:2   | Noticed an oklob plant
 13932 | Lair:3   | Reached skill level 10 in Armour
 14141 | Lair:3   | Reached XP level 12. HP: 105/105 MP: 11/11
 14476 | Lair:3   | Found a staircase to the Snake Pit.
 14558 | Snake:1  | Entered Level 1 of the Snake Pit
 14600 | Lair:3   | Found a staircase to the Shoals.
 14605 | Shoals:1 | Entered Level 1 of the Shoals
 14784 | Lair:3   | Noticed a queen ant
 14804 | Lair:3   | Killed a queen ant
 14838 | Lair:3   | Received a gift from Trog
 15135 | Lair:3   | Reached skill level 10 in Fighting
 15170 | Lair:3   | Identified the amulet of Imumin {+Rage Dex+5} (You found it on level 8 of the Dungeon)
 15281 | Lair:3   | Reached skill level 5 in Dodging
 15611 | Lair:4   | Reached skill level 12 in Maces & Flails
 16126 | Lair:5   | Found a viscous altar of Jiyva.
 16126 | Lair:5   | Found a staircase to the Slime Pits.
 17047 | Lair:6   | Entered Level 6 of the Lair of Beasts
 17344 | Lair:6   | Found a frozen archway.
 17361 | IceCv    | Entered an ice cave
 17383 | IceCv    | Reached skill level 13 in Maces & Flails
 17395 | IceCv    | Reached XP level 13. HP: 83/116 MP: 4/12
 18069 | Lair:6   | Reached skill level 1 in Evocations
 18496 | Lair:6   | Received a gift from Trog
 18576 | Lair:6   | Noticed a fire dragon
 18592 | Lair:6   | Killed a fire dragon
 19377 | Lair:6   | Reached skill level 14 in Maces & Flails
 19519 | Lair:6   | Noticed a dire elephant
 19599 | Lair:6   | Killed a dire elephant
 20405 | Lair:6   | Gained mutation: You have large cloven feet. [potion of mutation]
 20405 | Lair:6   | Gained mutation: Your body sometimes deteriorates upon taking damage. [potion of mutation]
 20405 | Lair:6   | Gained mutation: You passively map a small area around you. [potion of mutation]
 20738 | Lair:5   | Reached XP level 14. HP: 95/129 MP: 4/14
 21460 | Slime:1  | Entered Level 1 of the Pits of Slime
 21460 | Slime:1  | Noticed an acid blob
 21693 | Snake:1  | HP: 3/130 [black mamba (8)]
 21693 | Snake:1  | Slain by an anaconda

Skill      XL: |  1  2  3  4  5  6  7  8  9 10 11 12 13 |
---------------+----------------------------------------+-----
Maces & Flails | 4 5 7 8 10 11 13 14 | 14.5
Fighting       | 4 5 6 7 8 9 11 13 | 13.7
Armour         | 3 4 5 6 7 8 10 11 12 | 12.6
Dodging        | 3 4 5 7 |  7.4
Stealth        | 1 2 |  2.2
Shields        | 4 5 6 |  6.9
Polearms       | 4 9 12 13 | 13.5
Throwing       | 1 2 |  2.6
Evocations     | 1 |  1.4

Action                   |  1- 3 |  4- 6 |  7- 9 | 10-12 | 13-15 || total
-------------------------+-------+-------+-------+-------+-------++-------
Melee: Mace              |    84 |   129 |    86 |       |       ||   299
       Headbutt          |    11 |    27 |    58 |   183 |   157 ||   436
       Flail             |       |       |   147 |       |       ||   147
       Halberd           |       |       |    30 |   412 |    26 ||   468
       Demon whip        |       |       |       |   246 |   381 ||   627
Throw: Tomahawk          |       |     4 |     4 |    12 |     5 ||    25
Invok: Burn Spellbooks   |     1 |       |     1 |     2 |     2 ||     6
       Berserk           |       |     2 |     2 |     6 |     2 ||    12
       Trog's Hand       |       |       |       |     4 |     9 ||    13
       Brothers in Arms  |       |       |       |       |     1 ||     1
 Abil: Evoke Invisibilit |       |       |       |     1 |     1 ||     2
Evoke: Wand              |       |       |       |     6 |     1 ||     7
       Lamp of fire      |       |       |       |       |     1 ||     1
  Use: Scroll            |       |     2 |     5 |    15 |     6 ||    28
       Potion            |       |       |       |     5 |     3 ||     8
 Stab: Sleeping          |     1 |       |       |       |       ||     1
  Eat: Chunk             |     4 |     6 |    10 |    20 |    15 ||    55
       Meat ration       |       |     1 |       |     1 |       ||     2
       Royal jelly       |       |       |       |     2 |       ||     2
       Bread ration      |       |       |       |     2 |     1 ||     3
Armor: Animal skin       |     1 |       |       |       |       ||     1
       Chain mail        |    46 |    71 |    84 |    93 |       ||   294
       Plate armour      |       |       |       |   201 |   169 ||   370
Dodge: Dodged            |    47 |    48 |    84 |   281 |   117 ||   577
Block: Shield            |       |       |    45 |    53 |   170 ||   268
       Reflection        |       |       |     1 |     2 |     2 ||     5
       Other             |       |       |     7 |   152 |    19 ||   178
